 Dungeon Crawl Stone Soup version 0.24.1-14-gf8d2b509d9 (webtiles) character file.

Game seed: 10177100682912446118, levelgen mode: deterministic

11832 Chiseanne the Protected (level 11, 86/86 HPs)
             Began as a Gnoll Wanderer on May 31, 2020.
             Was an Initiate of Gozag.
             Quit the game on level 2 of the Lair of Beasts.
             The game lasted 00:55:21 (15037 turns).

Chiseanne the Protected (Gnoll Wanderer)           Turns: 15037, Time: 00:55:22

Health: 86/86      AC:  7    Str: 16    XL:     11   Next: 83%
Magic:  21/21      EV: 18    Int: 15    God:    Gozag
Gold:   948        SH:  0    Dex: 16    Spells: 4/24 levels left

rFire    . . .     SeeInvis .   a - +4 dagger (protect)
rCold    . . .     Gourm    .   (no shield)
rNeg     . . .     Faith    .   N - +2 leather armour {rPois}
rPois    +         Spirit   .   (helmet restricted)
rElec    .         Reflect  .   (no cloak)
rCorr    .         Harm     .   V - +0 pair of gloves
MR       +....     Clarity  +   (no boots)
Stlth    +++++.....             (no amulet)
HPRegen  0.24/turn              T - ring of stealth
MPRegen  0.17/turn              (no ring)

@: no status effects
A: distributed training, fangs 1, horns 1, repulsion field 1, clarity, magic
resistance 1, evolution 1, sturdy frame 1, strong nose
a: Potion Petition, Call Merchant, Bribe Branch, Renounce Religion


You were on level 2 of the Lair of Beasts.
You worshipped Gozag.
Gozag was pleased with you.
You were full.

You visited 3 branches of the dungeon, and saw 14 of its levels.
You also visited: Bailey.

You collected 1809 gold pieces.
You spent 577 gold pieces at shops.
You paid 284 gold pieces to Gozag.

Inventory:

Hand Weapons
 a - a +4 dagger of protection (weapon)
 e - a +3 mace
 g - a +2 short sword of flaming
 i - a +4 hand axe
 l - a +6 dagger
 s - a +1 dagger of venom
 u - a +1 flail of holy wrath
 w - a +2 hunting sling of flaming
 x - a +0 vampiric spear
Missiles
 b - 19 stones
 d - 56 bolts
 h - 194 arrows
 r - 3 throwing nets
 y - 48 poisoned darts
 A - 6 javelins (quivered)
 B - 2 boomerangs
 E - 37 sling bullets
Armour
 z - a +1 pair of gloves of strength
 D - the +1 helmet "Jihum" {MR+ Int+3}
   (You found it on level 7 of the Dungeon)

   It affects your intelligence (+3).
   It affects your resistance to hostile enchantments.
 N - a +2 leather armour of poison resistance (worn)
 V - a +0 pair of gloves (worn)
Jewellery
 O - an uncursed amulet of harm
 T - a ring of stealth (left hand)
 U - an uncursed ring of ice
Wands
 m - a wand of digging (10)
 n - a wand of flame (61)
 q - a wand of polymorph (19)
Scrolls
 c - a scroll of identify
 t - 2 scrolls of immolation
 G - 6 scrolls of teleportation
 H - a scroll of holy word
 J - 2 scrolls of remove curse
 K - 2 scrolls of fog
 L - a scroll of silence
 M - 3 scrolls of magic mapping
Potions
 j - a potion of heal wounds
 k - 3 potions of lignification
 o - 2 potions of cancellation
 p - 5 potions of curing
 v - a potion of resistance
 F - 2 potions of ambrosia
 P - 2 potions of flight
 Q - a potion of might
 R - 2 potions of haste
 S - a potion of invisibility
Comestibles
 f - 17 rations


   Skills:
 + Level 8.1 Fighting
 + Level 6.5 Short Blades
 + Level 6.5 Long Blades
 + Level 6.5 Axes
 + Level 7.1 Maces & Flails
 + Level 6.5 Polearms
 + Level 6.5 Staves
 + Level 6.5 Slings
 + Level 6.5 Bows
 + Level 6.5 Crossbows
 + Level 6.5 Throwing
 + Level 8.1 Armour
 + Level 6.5 Dodging
 + Level 7.0 Stealth
 + Level 7.1 Shields
 + Level 6.5 Unarmed Combat
 + Level 7.2 Spellcasting
 + Level 5.4 Conjurations
 + Level 5.4 Hexes
 + Level 5.4 Charms
 + Level 5.4 Summonings
 + Level 5.9 Necromancy
 + Level 5.4 Translocations
 + Level 5.4 Transmutations
 + Level 5.4 Fire Magic
 + Level 5.4 Ice Magic
 + Level 5.9 Air Magic
 + Level 5.4 Earth Magic
 + Level 5.4 Poison Magic
 + Level 7.2 Invocations
 + Level 6.5 Evocations


You had 4 spell levels left.
You knew the following spells:

 Your Spells              Type           Power        Failure   Level  Hunger
a - Sting                 Conj/Pois      ###.         1%          1    None
b - Cause Fear            Hex            ###.......   14%         4    ####...
c - Sticks to Snakes      Tmut           ###.....     2%          2    None
d - Mephitic Cloud        Conj/Pois/Air  ###.....     4%          3    ##.....
e - Ice Form              Ice/Tmut       ###.....     14%         4    ####...
f - Apportation           Tloc           ###...       1%          1    None
g - Spider Form           Tmut/Pois      ###.......   4%          3    ##.....
h - Blink                 Tloc           N/A          2%          2    None

Your spell library contained the following spells:

 Spells                   Type           Power        Failure   Level  Hunger
 Beastly Appendage        Tmut           ###...       1%          1    None
 Magic Dart               Conj           ###.         1%          1    None
 Summon Butterflies       Summ           ###.....     1%          1    None
 Poisonous Vapours        Pois/Air       ###...       1%          2    None
 Call Imp                 Summ           ###.....     2%          2    None
 Slow                     Hex            ###.....     2%          2    None
 Call Canine Familiar     Summ           ###.....     4%          3    ##.....
 Conjure Flame            Conj/Fire      ###.....     4%          3    ##.....
 Teleport Other           Tloc           ###.....     4%          3    ##.....
 Olgreb's Toxic Radiance  Pois           ###.....     14%         4    ####...
 Silence                  Hex/Air        ###.......   36%         5    #####..
 Blade Hands              Tmut           ###.......   38%         5    #####..
 Venom Bolt               Conj/Pois      ###.......   38%         5    #####..
 Yara's Violent Unravell  Hex/Tmut       ###.......   38%         5    #####..
 Deflect Missiles         Chrm/Air       ###.......   90%         6    #######
 Discord                  Hex            ###.......   100%        8    #######


Dungeon Overview and Level Annotations

Branches:
Dungeon (11/15)            Temple (1/1) D:7            Lair (2/6) D:9
  Snake (0/4) Lair:2       Bailey (visited)
  Swamp: Lair:2-4    Shoals: Lair:2-4       Orc: D:9-12

Altars:
Ashenzari
Elyvilon
Fedhas
Gozag
Hepliaklqana
Makhleb
Nemelex Xobeh
Okawaru
Qazlal
Ru
Sif Muna
Trog
Uskayaw
Vehumet
Xom
Yredelemnul
Zin
The Shining One

Shops:
D:5 %   D:9 *

Annotations:
D:6 exclusion: statue


Innate Abilities, Weirdness & Mutations

Your experience applies equally to all skills.
You have very sharp teeth.
Your uncanny sense of smell can sniff out nearby items.
You have a pair of small horns on your head.
You are surrounded by a mild repulsion field. (EV +2)
You possess an exceptional clarity of mind.
You are resistant to hostile enchantments. (MR+)
You evolve.
Your movements are slightly less encumbered by armour. (ER -2)


Message History

You eat one of the 18 rations.
That ration really hit the spot!
You swap places.
Your adder withers and dies!
You swap places.
You swap places.
You now have 910 gold pieces (gained 18).
Your ball python withers and dies!
You now have 925 gold pieces (gained 15).
Your ball python withers and dies!
Your adder withers and dies!
You now have 931 gold pieces (gained 6).
Your ball python withers and dies!
You now have 937 gold pieces (gained 6).
You now have 948 gold pieces (gained 11).
Your ball python withers and dies!
A water moccasin comes into view.
You feel a genetic drift. A pair of horns grows on your head!
The +1 helmet "Jihum" {MR+ Int+3} falls away!
Are you sure you want to abandon this character and quit the game? (Confirm with "yes".)

.>...P.# ##....#...#..##
................#.......#
#...............P...#..##
##..###### #........#..##
#...# ##........#...#
#...## #........P#..##
##...## ##............#
#...# #.............#
###..## .#....@......##
.#....# ###########.....#
......###.P..# #.....#
.............# ##....##
............## #P....#
............## ##....##
.............## #.....#
............#.# ##....##
.............## #.....#


There were no monsters in sight!

Vanquished Creatures
  Harold (D:7)
  A hydra (Lair:2)
  A moth of wrath (Bailey)
  2 black mambas (Lair:2)
  Joseph (D:7)
  A spiny frog (Lair:1)
  3 komodo dragons
  A troll (D:9)
  Grinder (D:4)
  Prince Ribbit (D:7)
  3 yaks (Lair:2)
  A wyvern (D:9)
  A tarantella (Bailey)
  Menkaure (D:3)
  Edmund (D:6)
  9 water moccasins
  Duvessa (D:6)
  2 porcupines
  3 orc warriors
  2 sky beasts (D:9)
  A black bear (D:8)
  9 ogres
  4 phantoms
  A necrophage (D:8)
  6 wolves (Lair:2)
  3 centaurs
  A crocodile (D:9)
  Blork the orc (D:5)
  4 bullfrogs
  Dowan (D:6)
  A scorpion (D:9)
  A water moccasin skeleton (D:8)
  4 wights (D:6)
  4 killer bees (D:7)
  3 crimson imps
  A quasit (D:9)
  A centaur skeleton (D:4)
  A centaur zombie (D:9)
  2 jellies
  3 bullfrog skeletons
  8 orc priests
  7 hounds
  A gnoll shaman (D:4)
  An iguana (D:9)
  Ijyb (D:4)
  6 worker ants
  9 orc wizards
  3 hound zombies
  A howler monkey zombie (D:4)
  A worker ant zombie (D:5)
  7 gnolls
  17 adders
  A shadow imp (D:6)
  An ooze (D:7)
  An adder zombie (D:5)
  An adder skeleton (D:4)
  2 worms (D:3)
  3 dart slugs
  A leopard gecko (D:8)
  52 orcs
  6 giant cockroaches
  7 hobgoblins
  10 jackals
  7 quokkas
  3 ball pythons (Lair:2)
  14 bats
  7 frilled lizards
  13 goblins
  5 kobolds
  A leopard gecko skeleton (D:5)
  2 quokka zombies
  7 rats
  A plant (D:9)
296 creatures vanquished.

Vanquished Creatures (collateral kills)
  2 yaks (Lair:2)
  A bullfrog (Lair:2)
3 creatures vanquished.

Vanquished Creatures (others)
  13 fungi (Lair:2)
  7 plants
20 creatures vanquished.

Grand Total: 319 creatures vanquished

Notes
Turn   | Place    | Note
-------+----------+-------------------------------------------
     0 | D:1      | Chiseanne the Gnoll Wanderer began the quest for the Orb.
     0 | D:1      | Chiseanne set off with the following items: a +2 mace, a +0
                  | robe, a ration; and the following spells available to
                  | memorise: Apportation, Summon Butterflies, Call Canine
                  | Familiar, Teleport Other
     0 | D:1      | Reached XP level 1. HP: 20/20 MP: 4/4
   310 | D:2      | Reached XP level 2. HP: 21/26 MP: 5/5
   782 | D:2      | Reached XP level 3. HP: 30/31 MP: 7/7
   934 | D:3      | Found a basalt altar of Yredelemnul.
   959 | D:3      | Found a shattered altar of Ashenzari.
  1097 | D:3      | Reached skill level 1 in Invocations
  1236 | D:4      | Noticed a centaur
  1673 | D:3      | Reached skill level 1 in Short Blades
  1673 | D:3      | Reached skill level 1 in Long Blades
  1673 | D:3      | Reached skill level 1 in Axes
  1673 | D:3      | Reached skill level 1 in Polearms
  1673 | D:3      | Reached skill level 1 in Staves
  1673 | D:3      | Reached skill level 1 in Slings
  1673 | D:3      | Reached skill level 1 in Bows
  1673 | D:3      | Reached skill level 1 in Crossbows
  1673 | D:3      | Reached skill level 1 in Throwing
  1673 | D:3      | Reached skill level 1 in Dodging
  1673 | D:3      | Reached skill level 1 in Unarmed Combat
  1673 | D:3      | Reached skill level 1 in Evocations
  1755 | D:4      | Noticed a phantom
  1770 | D:4      | Killed a centaur
  1770 | D:4      | Reached skill level 1 in Conjurations
  1770 | D:4      | Reached skill level 1 in Hexes
  1770 | D:4      | Reached skill level 1 in Charms
  1770 | D:4      | Reached skill level 1 in Summonings
  1770 | D:4      | Reached skill level 1 in Translocations
  1770 | D:4      | Reached skill level 1 in Transmutations
  1770 | D:4      | Reached skill level 1 in Fire Magic
  1770 | D:4      | Reached skill level 1 in Ice Magic
  1770 | D:4      | Reached skill level 1 in Earth Magic
  1770 | D:4      | Reached skill level 1 in Poison Magic
  1770 | D:4      | Reached XP level 4. HP: 17/38 MP: 8/8
  1770 | D:4      | Reached XP level 5. HP: 19/43 MP: 9/9
  1817 | D:4      | Killed a phantom
  1817 | D:4      | Reached XP level 6. HP: 23/50 MP: 10/10
  1822 | D:4      | Found a blossoming altar of Fedhas.
  2214 | D:4      | Noticed Ijyb
  2334 | D:3      | Found a sparkling altar of Nemelex Xobeh.
  2936 | D:3      | Reached skill level 5 in Fighting
  2936 | D:3      | Reached skill level 5 in Armour
  3086 | D:4      | Killed Ijyb
  3231 | D:4      | Reached XP level 7. HP: 53/56 MP: 12/12
  3448 | D:4      | Found Vorolih's Magic Scroll Emporium.
  3463 | D:4      | Noticed Grinder
  3486 | D:4      | Noticed Menkaure
  3507 | D:3      | Killed Menkaure
  4455 | D:3      | Reached XP level 8. HP: 41/63 MP: 14/14
  4839 | D:5      | Entered Level 5 of the Dungeon
  4839 | D:5      | Noticed Blork the orc
  4927 | D:5      | Killed Blork the orc
  4986 | D:4      | Gained mutation: You are frail. (-10% HP) [potion of
                  | mutation]
  4986 | D:4      | Gained mutation: You have sharp toenails. [potion of
                  | mutation]
  4994 | D:4      | Killed Grinder
  5443 | D:5      | Found a hazy altar of Hepliaklqana.
  5463 | D:5      | Found a bloodstained altar of Trog.
  5487 | D:5      | Found Vojeutz's Food Shoppe.
  5561 | D:5      | Lost mutation: You are frail. (-10% HP) [potion of
                  | mutation]
  5561 | D:5      | Lost mutation: You have sharp toenails. [potion of
                  | mutation]
  5561 | D:5      | Gained mutation: Your movements are slightly less
                  | encumbered by armour. (ER -2) [potion of mutation]
  5561 | D:5      | Gained mutation: You evolve. [potion of mutation]
  5561 | D:5      | Gained mutation: You possess an exceptional clarity of
                  | mind. [potion of mutation]
  6048 | D:5      | Reached XP level 9. HP: 46/69 MP: 16/16
  6226 | D:5      | Gained mutation: You are resistant to hostile enchantments.
                  | (MR+) [evolution]
  6557 | D:6      | Found a radiant altar of Vehumet.
  6569 | D:6      | Noticed Edmund
  6590 | D:6      | Killed Edmund
  7007 | D:6      | Found a sacrificial altar of Ru.
  7077 | D:6      | Reached skill level 5 in Spellcasting
  7310 | D:6      | Noticed Dowan
  7319 | D:6      | Reached skill level 5 in Maces & Flails
  7319 | D:6      | Reached skill level 5 in Shields
  7428 | D:6      | Noticed Duvessa
  7450 | D:6      | Killed Duvessa
  7460 | D:6      | Killed Dowan
  7460 | D:6      | Reached skill level 5 in Stealth
  7478 | D:6      | Found an iron altar of Okawaru.
  7818 | D:7      | Found a shimmering altar of Xom.
  7818 | D:7      | Noticed Prince Ribbit
  7840 | D:7      | Killed Prince Ribbit
  7967 | D:7      | Found a flagged portal.
  7969 | D:7      | Noticed a komodo dragon
  7981 | Bailey   | Entered a bailey
  8178 | Bailey   | Gained mutation: You are frail. (-10% HP) [evolution]
  8301 | Bailey   | Noticed an orc knight
  8301 | Bailey   | Noticed an orc knight
  8304 | Bailey   | Noticed a moth of wrath
  8304 | Bailey   | an orc knight changed into a moth of wrath
  8396 | Bailey   | Killed a moth of wrath
  8396 | Bailey   | Reached skill level 5 in Invocations
  8487 | Bailey   | an orc knight changed into a tarantella
  8501 | Bailey   | Reached XP level 10. HP: 69/69 MP: 18/18
  8721 | D:7      | Found a stormy altar of Qazlal.
  8894 | D:7      | Found a staircase to the Ecumenical Temple.
  8925 | Temple   | Entered the Ecumenical Temple
  8959 | Temple   | Became a worshipper of Gozag Ym Sagoz the Greedy
  9263 | D:7      | Got a scorched helmet
  9283 | D:7      | Identified the +1 helmet "Jihum" {MR+ Int+3} (You found it
                  | on level 7 of the Dungeon)
  9461 | D:7      | Reached skill level 5 in Short Blades
  9461 | D:7      | Reached skill level 5 in Long Blades
  9461 | D:7      | Reached skill level 5 in Axes
  9461 | D:7      | Reached skill level 5 in Polearms
  9461 | D:7      | Reached skill level 5 in Staves
  9461 | D:7      | Reached skill level 5 in Slings
  9461 | D:7      | Reached skill level 5 in Bows
  9461 | D:7      | Reached skill level 5 in Crossbows
  9461 | D:7      | Reached skill level 5 in Throwing
  9461 | D:7      | Reached skill level 5 in Dodging
  9461 | D:7      | Reached skill level 5 in Unarmed Combat
  9461 | D:7      | Reached skill level 5 in Evocations
  9977 | D:7      | Gained mutation: You are surrounded by a mild repulsion
                  | field. (EV +2) [evolution]
 10044 | D:7      | Noticed Joseph
 10066 | D:7      | Killed Joseph
 10200 | D:7      | Noticed Harold
 10240 | D:7      | Killed Harold
 10240 | D:7      | Reached skill level 5 in Necromancy
 10240 | D:7      | Reached skill level 5 in Air Magic
 10455 | D:4      | Bought 3 scrolls of teleportation for 117 gold pieces
 10455 | D:4      | Bought 2 scrolls of teleportation for 78 gold pieces
 10455 | D:4      | Bought a scroll of holy word for 97 gold pieces
 10455 | D:4      | Bought a scroll of identify for 26 gold pieces
 10455 | D:4      | Bought a scroll of remove curse for 39 gold pieces
 10455 | D:4      | Bought a scroll of fog for 26 gold pieces
 10455 | D:4      | Bought a scroll of silence for 97 gold pieces
 10455 | D:4      | Bought a scroll of magic mapping for 45 gold pieces
 10455 | D:4      | Bought a scroll of identify for 26 gold pieces
 10455 | D:4      | Bought a scroll of identify for 26 gold pieces
 11207 | D:7      | Lost mutation: You are frail. (-10% HP) [evolution]
 11265 | D:8      | Learned a level 1 spell: Apportation
 11270 | D:8      | Learned a level 4 spell: Cause Fear
 11335 | D:8      | Learned a level 2 spell: Sticks to Snakes
 11339 | D:8      | Learned a level 3 spell: Spider Form
 11344 | D:8      | Learned a level 4 spell: Ice Form
 11553 | D:8      | Found an opulent altar of Gozag.
 11822 | D:9      | Reached XP level 11. HP: 61/84 MP: 20/20
 11999 | D:9      | Found a glowing silver altar of Zin.
 11999 | D:9      | Found a burning altar of Makhleb.
 12000 | D:9      | Noticed a cacodemon
 12000 | D:9      | Noticed an angel
 12034 | D:9      | Learned a level 1 spell: Sting
 12038 | D:9      | Learned a level 3 spell: Mephitic Cloud
 12073 | D:9      | Found a shimmering blue altar of Sif Muna.
 12107 | D:9      | You fall into a shaft and drop 2 floors!
 12110 | D:10     | Entered Level 10 of the Dungeon
 12561 | D:9      | Found Faecs's General Store.
 12674 | D:9      | Found a staircase to the Lair.
 12746 | Lair:1   | Entered Level 1 of the Lair of Beasts
 12858 | Lair:1   | Got a dazzling mace
 12867 | Lair:1   | Identified the cursed +1 mace of the Weasel {venom, Dex+4}
                  | (You found it on level 1 of the Lair of Beasts)
 12884 | Lair:2   | Noticed a six-headed hydra
 12896 | Lair:2   | Killed a six-headed hydra
 12896 | Lair:2   | Reached skill level 5 in Conjurations
 12896 | Lair:2   | Reached skill level 5 in Hexes
 12896 | Lair:2   | Reached skill level 5 in Charms
 12896 | Lair:2   | Reached skill level 5 in Summonings
 12896 | Lair:2   | Reached skill level 5 in Translocations
 12896 | Lair:2   | Reached skill level 5 in Transmutations
 12896 | Lair:2   | Reached skill level 5 in Fire Magic
 12896 | Lair:2   | Reached skill level 5 in Ice Magic
 12896 | Lair:2   | Reached skill level 5 in Earth Magic
 12896 | Lair:2   | Reached skill level 5 in Poison Magic
 14562 | Lair:2   | Found a staircase to the Snake Pit.
 14575 | Lair:2   | Learned a level 2 spell: Blink
 14985 | Lair:2   | Gained mutation: You have a pair of small horns on your
                  | head. [evolution]
 15037 | Lair:2   | Quit the game

Levels and vault maps discovered:
D:1:      dpeg_arrival_rhombi, layout_basic, interstate_on_off,
          minmay_misc_feat_columns, minmay_misc_feat_diagonals,
          minmay_pentomino_x2
D:2:      layout_basic, serial_corexii_hall, chequers_hall_statues_corner_a,
          chequers_hall_statues_wall_a, corexii_hall_statues_t,
          chequers_hall_statues_wall_a, chequers_hall_statues_corner_a,
          chequers_hall_statues_wall_a, kennysheep_boxes, uniq_natasha
D:3:      layout_loops_corners, grunt_temple_overflow_open,
          nemelex_xobeh_ov_fountains_minmay
D:4:      cheibrodos_pilgrimage, layout_basic, fedhas_bush_and_centaur_altar,
          first_ration, serial_shops, nicolae_shop_behind_doors, uniq_ijyb,
          uniq_grinder, uniq_menkaure
D:5:      layout_layer_cave, kennysheep_mini_moat, serial_shops, shop,
          trog_hazing_becter, uniq_blork_the_orc
D:6:      kennysheep_six_static_rooms, layout_loops_ring, vehumet_statue,
          lemuel_doored_altar, mrwooster_statue_mirror, okawaru_gym_becter,
          uniq_duvessa, uniq_edmund
D:7:      layout_cave_pools, xom_teletrap_fun, lemuel_crystal_altar,
          gammafunk_temple_overflow_forgotten, minmay_temple_entry_tees,
          enter_bailey_3, grunt_ogre_cave, uniq_harold, uniq_joseph,
          uniq_prince_ribbit1
D:8:      layout_rooms, nicolae_gozag_cash_rules_everything_around_me
D:9:      layout_basic, grunt_temple_overflow_order_and_chaos_2,
          david_lair_shrubbed, serial_shops, shop, lemuel_statue_altar
D:10:     layout_long_grid, gammafunk_ghost_necromancy
D:11:     layout_cave_pods, minmay_orc_entry_guard_dogs,
          biasface_ghost_orc_armoury
Temple:   jpeg_temple_island
Lair:1:   layout_cave_pods
Lair:2:   layout_chaotic_city, minmay_snake_entry_six_corridors,
          portal_ice_cave_entry_pillars_2, serial_bayou_pond_a,
          serial_bayou_shore_b

Skill      XL: |  1  2  3  4  5  6  7  8  9 10 11 |
---------------+----------------------------------+-----
Necromancy     | 2 3 4 5 |  5.9
Air Magic      | 2 3 4 5 |  5.9
Invocations    | 1 2 3 4 5 6 7 |  7.2
Short Blades   | 1 2 3 4 5 6 |  6.5
Long Blades    | 1 2 3 4 5 6 |  6.5
Axes           | 1 2 3 4 5 6 |  6.5
Polearms       | 1 2 3 4 5 6 |  6.5
Staves         | 1 2 3 4 5 6 |  6.5
Slings         | 1 2 3 4 5 6 |  6.5
Bows           | 1 2 3 4 5 6 |  6.5
Crossbows      | 1 2 3 4 5 6 |  6.5
Throwing       | 1 2 3 4 5 6 |  6.5
Dodging        | 1 2 3 4 5 6 |  6.5
Unarmed Combat | 1 2 3 4 5 6 |  6.5
Evocations     | 1 2 3 4 5 6 |  6.5
Spellcasting   | 3 4 5 6 7 |  7.2
Conjurations   | 1 2 3 4 5 |  5.4
Hexes          | 1 2 3 4 5 |  5.4
Charms         | 1 2 3 4 5 |  5.4
Summonings     | 1 2 3 4 5 |  5.4
Translocations | 1 2 3 4 5 |  5.4
Transmutations | 1 2 3 4 5 |  5.4
Fire Magic     | 1 2 3 4 5 |  5.4
Ice Magic      | 1 2 3 4 5 |  5.4
Earth Magic    | 1 2 3 4 5 |  5.4
Poison Magic   | 1 2 3 4 5 |  5.4
Maces & Flails | 3 4 5 6 7 |  7.1
Shields        | 3 4 5 6 7 |  7.1
Stealth        | 3 4 5 6 7 |  7.0
Fighting       | 5 6 7 8 |  8.1
Armour         | 5 6 7 8 |  8.1

Action                   |  1- 3 |  4- 6 |  7- 9 | 10-12 || total
-------------------------+-------+-------+-------+-------++-------
Melee: Mace              |   110 |    70 |       |       ||   180
       Bite              |     7 |    17 |    68 |   127 ||   219
       Dagger            |       |   118 |   447 |   817 ||  1382
       Punch             |       |     2 |    10 |    32 ||    44
       Kick              |       |       |    14 |       ||    14
       Flail             |       |       |    27 |     5 ||    32
       Battleaxe         |       |       |     9 |       ||     9
       Unarmed           |       |       |       |    27 ||    27
Throw: Stone             |     1 |    14 |    10 |     1 ||    26
       Dart              |       |    10 |    71 |    24 ||   105
       Boomerang         |       |       |    15 |       ||    15
       Javelin           |       |       |       |    10 ||    10
 Cast: Sting             |       |       |       |    66 ||    66
       Sticks to Snakes  |       |       |       |     8 ||     8
       Cause Fear        |       |       |       |     2 ||     2
       Mephitic Cloud    |       |       |       |     1 ||     1
       Ice Form          |       |       |       |     1 ||     1
Evoke: Wand              |       |       |     8 |     4 ||    12
  Use: Scroll            |     5 |     5 |     7 |     7 ||    24
       Potion            |     1 |     2 |    11 |       ||    14
 Stab: Sleeping          |     5 |     4 |       |    10 ||    19
       Distracted        |       |       |       |     1 ||     1
       Confused          |       |       |       |     1 ||     1
  Eat: Chunk             |     3 |     5 |    16 |     1 ||    25
       Ration            |       |       |       |     8 ||     8
Armor: Robe              |     8 |       |       |       ||     8
       Leather armour    |    21 |    30 |       |   142 ||   193
       Scale mail        |       |    50 |   214 |     1 ||   265
       Skin              |       |       |     3 |     4 ||     7
       Steam dragon scal |       |       |       |    94 ||    94
Dodge: Dodged            |    67 |   110 |   283 |   662 ||  1122
